AoeStats
← rattan archer

Arabia

509651803Analyzed
1v1 RM · 4d ago on Sep 27, 2026· 33m 0s· 2 players
Game mode
Random Map
Map size
Tiny (2 player)
Population
200
Speed
Normal
Resources
Standard
Victory
Conquest
Starting age
Dark Age
Ending age
Imperial Age
RankedLock teamsTeams togetherTeam positionsShared explorationLock speedFull tech treeHidden civsTurbo modeCheats
Victory
Defeat
🇬🇧 Vikings · United Kingdom
1154
+18
🇻🇳 Burgundians · Vietnam
1189
-18
Do Not Flush
8:54 Feudal Age
8:55 Man-at-Arms
9:43 Double-Bit Axe
12:12 Horse Collar
15:24 Loom
15:34 Gold Mining
19:56 Castle Age
20:57 Squires
22:43 Arson
23:05 Scale Mail Armor
23:16 Forging
23:27 Bow Saw
26:37 Fletching
31:58 Chain Mail Armor
32:18 Iron Casting
rattan archer
5:45 Loom
6:19 Double-Bit Axe
10:18 Feudal Age
12:47 Bow Saw
16:03 Wheelbarrow
16:48 Horse Collar
22:15 Castle Age
20:41 Gold Mining
21:11 Forging
22:30 Hand Cart
22:34 Scale Barding Armor
22:58 Stone Mining
24:26 Two-Man Saw
23:33 Husbandry
23:42 Cavalier
26:30 Fletching
32:56 Bodkin Arrow
Connection lost

Rejoining the realm…

Still unreachable

The connection could not be restored.

Session expired

The server has moved on; the page needs a fresh start.